 Dungeon Crawl Stone Soup version 0.29-a0-369-gd956c00756 (webtiles) character file.

Game seed: 13483695706169643920

69 holysushi the Cutter (level 4, -1/29 HPs)
             Began as a Kobold Monk on May 1, 2022.
             Slain by a gnoll
             ... wielding a +0 vorpal flail
              (2 damage)
             ... on level 2 of the Dungeon.
             The game lasted 00:02:28 (1129 turns).

holysushi the Cutter (Kobold Monk)                  Turns: 1129, Time: 00:02:29

Health: -1/29      AC:  3    Str:  8    XL:     4   Next: 42%
Magic:  4/4        EV: 16    Int: 11    God:
Gold:   16         SH:  0    Dex: 19    Spells: 3/3 levels left

rFire   . . .      SeeInvis .   a - +0 short sword
rCold   . . .      Faith    .   (no shield)
rNeg    . . .      Spirit   .   b - +0 robe
rPois   .          Reflect  .   (no helmet)
rElec   .          Harm     .   (no cloak)
rCorr   .          Rampage  .   e - +0 pair of gloves
Will    +....                   (no boots)
Stlth   +++.......              (no amulet)
HPRegen 0.09/turn               f - ring of willpower
MPRegen 0.09/turn               (no ring)

@: no status effects
A: small, no large weapons, nightstalker 3
a: no special abilities


You were on level 2 of the Dungeon.
You visited 1 branch of the dungeon, and saw 2 of its levels.

You collected 86 gold pieces.
You spent 70 gold pieces at shops.

Inventory:

Hand Weapons
 a - a +0 short sword (weapon)
Armour
 b - a +0 robe (worn)
 e - a +0 pair of gloves (worn)
Jewellery
 f - a ring of willpower (left hand)
Scrolls
 d - 2 scrolls of teleportation
 h - a scroll of amnesia {unknown}
 k - a scroll of enchant armour {unknown}
Potions
 c - a potion of ambrosia
 g - a potion of curing
 i - a potion of might {unknown}
 j - a potion of brilliance {unknown}


   Skills:
 + Level 4.1 Fighting
 * Level 5.8 Short Blades
 - Level 3.6 Dodging
 - Level 2.6 Stealth


You had 3 spell levels left.
You didn't know any spells.
Your spell library contained the following spells:

 Spells                   Type           Power      Damage    Failure   Level
 Beastly Appendage        Tmut           0%         N/A       34%         1
 Wereblood                Tmut           0%         N/A       47%         2
 Call Canine Familiar     Summ           0%         N/A       71%         3
 Portal Projectile        Hex/Tloc       0%         N/A       71%         3
 Spider Form              Tmut/Pois      0%         N/A       71%         3
 Leda's Liquefaction      Hex/Erth       0%         N/A       98%         4


Dungeon Overview and Level Annotations

Branches:
Dungeon (2/15)

Altars:

Shops:
D:1 :?


Innate Abilities, Weirdness & Mutations

You are small and have problems with some larger weapons.
You are completely attuned to the shadows.


Message History

The gnoll shouts! x2; You hear a shout!
The gnoll shouts!
You hear a shout! x3
A dart slug comes into view.
There is a stone staircase leading down here.
A hobgoblin comes into view.
The helpless hobgoblin fails to defend itself.
You impale the hobgoblin!!
You kill the hobgoblin!
There is a stone staircase leading up here.
The gnoll closely misses you.
You climb upwards.
There is a stone staircase leading down here.
Press: ? - help, v - describe, . - travel A stone staircase leading down.
There is a stone staircase leading down here.
You climb downwards.
A gnoll comes into view. It is wielding a +0 vorpal flail.
There is a stone staircase leading up here.
You swing at nothing.
You hit the gnoll.
The gnoll is moderately wounded.
The gnoll closely misses you.
You barely miss the gnoll.
The gnoll is lightly wounded.
The gnoll hits you with a +0 vorpal flail.
You hit the gnoll but do no damage.
The gnoll is lightly wounded.
The gnoll hits you with a +0 vorpal flail.
You hit the gnoll but do no damage.
The gnoll is lightly wounded.
The gnoll hits you with a +0 vorpal flail.
You hit the gnoll.
The gnoll is heavily wounded.
You hit the gnoll.
The gnoll is heavily wounded.
The gnoll hits you with a +0 vorpal flail.
You closely miss the gnoll.
The gnoll is heavily wounded.
The gnoll hits you with a +0 vorpal flail!
* * * LOW HITPOINT WARNING * * *
You die...

####.##.########
..
..(............#
#.
........######.#
##.#####.####
#.# ##...####.#
#.# ..........#
#.# ##...######
#.# ##..g# #.#
....@# #..
##...# ### #####


You could see a gnoll.

Vanquished Creatures
  An iguana (D:2)
  A gnoll (D:2)
  An adder (D:2)
  A bat (D:1)
  2 endoplasms (D:1)
  2 giant cockroaches
  2 hobgoblins
  2 ball pythons
  A frilled lizard (D:1)
  5 goblins
  3 kobolds
  3 rats
24 creatures vanquished.

Notes
Turn   | Place    | Note
-------+----------+-------------------------------------------
     0 | D:1      | holysushi the Kobold Monk began the quest for the Orb.
     0 | D:1      | Reached XP level 1. HP: 14/14 MP: 1/1
    49 | D:1      | Found Zilic's Magic Scroll Shoppe.
   199 | D:1      | Found a faded altar of an unknown god.
   232 | D:1      | Reached XP level 2. HP: 19/19 MP: 2/2
   421 | D:1      | Found Sumivuw's Book Shop.
   792 | D:1      | Bought a scroll of identify for 28 gold pieces
   792 | D:1      | Bought a scroll of teleportation for 42 gold pieces
   844 | D:2      | Reached skill level 5 in Short Blades
   844 | D:2      | Reached XP level 3. HP: 24/24 MP: 3/3
   949 | D:2      | Reached XP level 4. HP: 29/29 MP: 4/4
  1129 | D:2      | HP: 1/29 [gnoll/+0 vorpal flail (11)]
  1129 | D:2      | Slain by a gnoll

Illustrated notes

Levels and vault maps discovered:
D:1:      minmay_arrival_shattered_statue, layout_basic,
          chequers_ecumenical_altar_simple, serial_shops, nicolae_shop_trees,
          nicolae_shop_trees
D:2:      layout_loops_ring, amcnicky_mini_pool_small

Skill      XL: |  1  2  3 |
---------------+----------+-----
Short Blades   | 5 |  5.8
Fighting       | 4 |  4.1
Dodging        | |  3.6
Stealth        | |  2.6

Action                   |  1- 3 |  4- 6 || total
-------------------------+-------+-------++-------
Melee: Short sword       |    38 |    11 ||    49
  Use: Scroll            |     1 |       ||     1
 Stab: Sleeping          |     9 |     3 ||    12
Armor: Robe              |       |     1 ||     1
Dodge: Dodged            |    19 |     2 ||    21

Table legend: (Time is in decaauts)
 A = Elapsed time spent in this place.
 B = Non-inter-level travel time spent in this place.
 C = Inter-level travel time spent in this place.
 D = Time resting spent in this place.
 E = Time spent auto-exploring this place.
 F = Levels seen in this place.
 G = Mean time per level.
                   A        B        C        D        E       F      G
               +--------+--------+--------+--------+--------+-----+--------+
         Total |   1122 |   1046 |     76 |    152 |    608 |   2 |  561.0 |
       Dungeon |   1122 |   1046 |     76 |    152 |    608 |   2 |  561.0 |
               +--------+--------+--------+--------+--------+-----+--------+

Top non-repeatable levels by time:
     D:1: 830 daAuts
     D:2: 291 daAuts
